 Dungeon Crawl Stone Soup version 0.29-a0-275-g389c0b56f3 (webtiles) character file.

Game seed: 6470146701106915935

178 enile the Thrower (level 5, -3/37 HPs)
             Began as a Gnoll Wanderer on Mar 12, 2022.
             Was a Follower of Nemelex Xobeh.
             Killed by the air
             ... invoked by a wind drake
             ... created by the adversity of Qazlal
              (7 damage)
             ... while petrified by a basilisk
             ... on level 4 of the Dungeon.
             The game lasted 00:05:33 (3435 turns).

enile the Thrower (Gnoll Wanderer)                  Turns: 3435, Time: 00:05:33

Health: -3/37      AC:  6    Str: 14    XL:     5   Next: 58%
Magic:  9/9        EV:  2    Int: 10    God:    Nemelex Xobeh [*.....]
Gold:   108        SH:  0    Dex: 12    Spells: 10/10 levels left

rFire   . . .      SeeInvis .   j - +1 dagger (flame)
rCold   x x .      Faith    .   d - +0 buckler
rNeg    + + +      Spirit   .   u - +0 ring mail
rPois   ∞          Reflect  .   (no helmet)
rElec   .          Harm     .   (no cloak)
rCorr   .          Rampage  .   (no gloves)
Will    .....                   (no boots)
Stlth   +.........              (no amulet)
HPRegen 0.12/turn               n - +4 ring of evasion
MPRegen 0.11/turn               (no ring)

@: petrified
A: fangs 1, strong nose, distributed training, [cold vulnerability 2]
a: Renounce Religion, Draw Escape, Draw Destruction, Draw Summoning


You were on level 4 of the Dungeon.
You worshipped Nemelex Xobeh.
Nemelex Xobeh was aware of your devotion.
You visited 1 branch of the dungeon, and saw 4 of its levels.

You collected 108 gold pieces.

Inventory:

Hand Weapons
 a - a +2 dagger
 c - a +0 short sword
 j - a +1 dagger of flaming (weapon)
 t - a +0 war axe
 v - a +0 hand crossbow
Missiles
 b - a curare-tipped dart (quivered)
Armour
 d - a +0 buckler (worn)
 f - a +0 leather armour
 u - a +0 ring mail (worn)
Magical Staves
 p - a staff of conjuration
Jewellery
 n - a +4 ring of evasion (left hand)
Scrolls
 g - a scroll of magic mapping
 l - 4 scrolls of fog
 q - a scroll of vulnerability {unknown}
 r - a scroll of holy word {unknown}
 w - a scroll of noise {unknown}
Potions
 e - a potion of attraction
 i - 2 potions of mutation {unknown}
 k - 2 potions of brilliance {unknown}
 o - 3 potions of resistance {unknown}
 s - a potion of curing


   Skills:
 + Level 1.5 Fighting
 + Level 3.0 Short Blades
 + Level 1.5 Long Blades
 + Level 1.5 Axes
 + Level 1.5 Maces & Flails
 + Level 1.5 Polearms
 + Level 1.5 Staves
 + Level 1.5 Slings
 + Level 1.5 Bows
 + Level 1.5 Crossbows
 + Level 10.5 Throwing
 + Level 4.8 Armour
 + Level 1.5 Dodging
 + Level 1.5 Stealth
 + Level 3.0 Shields
 + Level 1.5 Unarmed Combat
 + Level 3.2 Spellcasting
 + Level 1.2 Conjurations
 + Level 1.2 Hexes
 + Level 1.2 Summonings
 + Level 1.2 Necromancy
 + Level 1.2 Translocations
 + Level 1.2 Transmutations
 + Level 1.2 Fire Magic
 + Level 1.2 Ice Magic
 + Level 1.2 Air Magic
 + Level 1.2 Earth Magic
 + Level 1.2 Poison Magic
 + Level 1.7 Invocations
 + Level 1.5 Evocations


You had 10 spell levels left.
You didn't know any spells.
Your spell library contained the following spells:

 Spells                   Type           Power      Damage    Failure   Level
 Ensorcelled Hibernation  Hex/Ice        8%         N/A       54%         2
 Passwall                 Tmut/Erth      3%         N/A       54%         2
 Swiftness                Air            4%         N/A       77%         3


Dungeon Overview and Level Annotations

Branches:
Dungeon (4/15)             Temple (0/1) D:4

Altars:
Hepliaklqana
Nemelex Xobeh
Qazlal
Uskayaw
Vehumet


Innate Abilities, Weirdness & Mutations

You have very sharp teeth.
Your uncanny sense of smell can sniff out nearby items.
Your experience applies equally to all skills.
[You are very vulnerable to cold. (rC--)]


Message History

You see here a scorpion corpse.
You hit the dart slug. You burn the dart slug.
The dart slug is heavily wounded.
The dart slug completely misses you.
You hit the dart slug. You burn the dart slug.
The dart slug is almost dead.
You hit the dart slug. You burn the dart slug.
You kill the dart slug!
b - a curare-tipped dart You see here a scorpion corpse.
Things that are here:
a +0 dagger; a kobold corpse The basilisk hisses angrily.
Things that are here:
a +0 club; a goblin corpse The basilisk gazes at you.
You resist with significant effort. The basilisk gazes at you.
You are slowing down.
As you read the scroll of teleportation, it crumbles to dust.
You feel strangely unstable.
Your limbs are stiffening.
You have turned to stone.
Your surroundings suddenly seem different.
The wind drake hisses angrily.
The wind drake flaps its wings at you. The air twists around and strikes you!!
The wind drake flaps its wings at you. The air twists around and strikes you!
* * * LOW HITPOINT WARNING * * *
The wind drake exhales a fierce blast of wind!
You are blown backwards!
Found a staircase to the Ecumenical Temple.
The wind drake bites you.
* * * LOW HITPOINT WARNING * * *
The wind drake bites you.
* * * LOW HITPOINT WARNING * * *
The wind drake flaps its wings at you. The air twists around and strikes you!
You die...
Your body glows slightly and disappears.

,,,***,,,,,*** ##≈≈≈≈≈≈≈.≈≈ ,,**
*,,,,,,.#* #≈≈≈≈≈≈≈≈.≈≈ ,,*
**,,,,,,,.#* ##≈≈≈≈≈≈≈...≈ ,**
*,,,,,,,,,.#* #..≈≈≈≈≈†.<.≈ ,*
**,**,**,**.#* #.≈≈≈≈≈≈≈.$.≈
*****,,,,,,,,,*,.####.≈≈≈≈#≈≈≈.≈≈
* *,,,,,,,,,,,,,#.....#≈≈≈≈≈≈..≈≈
* *,*,,⌠,,,⌠,,*##.......≈≈≈≈≈...≈
*,*,,,,,,,,,*#@k......#≈≈≈≈<.≈≈
*,,,,,,>...............≈≈#≈≈≈†#
*,*,,,,.....#............≈≈≈≈≈≈
*,*,,⌠,..⌠..#............#≈≈.##
*,,,,,,...,...............##)..
*,*,,,,..,..#................##
*,**,**.*#.##.............)###
*,,,,,,,*#.................#
*************#.........l..##


You could see a wind drake (repels missiles).

Vanquished Creatures
  A scorpion (D:4)
  3 adders
  11 dart slugs
  2 orcs (D:3)
  3 endoplasms
  2 giant cockroaches
  8 goblins
  9 hobgoblins
  4 jackals (D:2)
  2 quokkas
  8 ball pythons
  5 bats
  2 frilled lizards
  5 kobolds
  4 rats
69 creatures vanquished.

Notes
Turn   | Place    | Note
-------+----------+-------------------------------------------
     0 | D:1      | Reached skill level 10 in Throwing
     0 | D:1      | enile the Gnoll Wanderer began the quest for the Orb.
     0 | D:1      | enile set off with the following items: a +2 dagger, a
                  | curare-tipped dart, a +0 short sword, a +0 buckler, a
                  | potion of attraction, a +0 leather armour
     0 | D:1      | Reached XP level 1. HP: 13/13 MP: 4/4
   268 | D:1      | Reached XP level 2. HP: 3/19 MP: 5/5
  1416 | D:2      | Reached XP level 3. HP: 25/25 MP: 7/7
  1639 | D:2      | Reached skill level 1 in Invocations
  1812 | D:2      | Reached skill level 1 in Fighting
  1812 | D:2      | Reached skill level 1 in Long Blades
  1812 | D:2      | Reached skill level 1 in Axes
  1812 | D:2      | Reached skill level 1 in Maces & Flails
  1812 | D:2      | Reached skill level 1 in Polearms
  1812 | D:2      | Reached skill level 1 in Staves
  1812 | D:2      | Reached skill level 1 in Slings
  1812 | D:2      | Reached skill level 1 in Bows
  1812 | D:2      | Reached skill level 1 in Crossbows
  1812 | D:2      | Reached skill level 1 in Dodging
  1812 | D:2      | Reached skill level 1 in Stealth
  1812 | D:2      | Reached skill level 1 in Unarmed Combat
  1812 | D:2      | Reached skill level 1 in Evocations
  2075 | D:3      | Reached XP level 4. HP: 15/32 MP: 8/8
  2303 | D:3      | Found a stormy altar of Qazlal.
  2306 | D:3      | Noticed a fire elemental
  2306 | D:3      | Noticed a water elemental
  2307 | D:3      | Noticed an air elemental
  2307 | D:3      | Noticed an earth elemental
  2452 | D:3      | Found a radiant altar of Vehumet.
  2680 | D:3      | Found a faded altar of an unknown god.
  2683 | D:3      | Found a hide-covered altar of Uskayaw.
  2695 | D:3      | Prayed at the altar of an unknown god.
  2695 | D:3      | Became a worshipper of Qazlal Stormbringer
  2695 | D:3      | Reached * piety under Qazlal
  3192 | D:3      | Found a faded altar of an unknown god.
  3192 | D:3      | Found a faded altar of an unknown god.
  3192 | D:3      | Found a faded altar of an unknown god.
  3194 | D:3      | Found a hazy altar of Hepliaklqana.
  3212 | D:3      | Prayed at the altar of an unknown god.
  3212 | D:3      | Fell from the grace of Qazlal
  3212 | D:3      | Became a worshipper of Nemelex Xobeh the Trickster
  3212 | D:3      | Reached * piety under Nemelex Xobeh
  3267 | D:4      | Received a gift from Nemelex Xobeh
  3282 | D:4      | Reached skill level 1 in Conjurations
  3282 | D:4      | Reached skill level 1 in Hexes
  3282 | D:4      | Reached skill level 1 in Summonings
  3282 | D:4      | Reached skill level 1 in Necromancy
  3282 | D:4      | Reached skill level 1 in Translocations
  3282 | D:4      | Reached skill level 1 in Transmutations
  3282 | D:4      | Reached skill level 1 in Fire Magic
  3282 | D:4      | Reached skill level 1 in Ice Magic
  3282 | D:4      | Reached skill level 1 in Air Magic
  3282 | D:4      | Reached skill level 1 in Earth Magic
  3282 | D:4      | Reached skill level 1 in Poison Magic
  3303 | D:4      | Noticed a scorpion
  3363 | D:4      | Reached XP level 5. HP: 16/37 MP: 9/9
  3374 | D:4      | Noticed a wind drake
  3374 | D:4      | Noticed a basilisk
  3429 | D:4      | Found a staircase to the Ecumenical Temple.
  3435 | D:4      | Killed from afar by a wind drake

Illustrated notes

Levels and vault maps discovered:
D:1:      elethiomel_arrival_shortcut, layout_basic
D:2:      layout_loops_ring
D:3:      layout_basic, nicolae_qazlal_style_of_elements,
          nicolae_hepliaklqana_ecumenical_no_more, nicolae_vehumet_altar_sigil,
          nicolae_overflow_ecumenical_swirl, chequers_hall_statues_corner_a
D:4:      kennysheep_slugbush, layout_cave_pods, minmay_temple_entry_large_hall,
          nicolae_ossuary_entry_giza, serial_shops, shop_statue, minmay_ruptured

Skill      XL: |  1  2  3  4  5 |
---------------+----------------+-----
Throwing       | | 10.5
Invocations    | 1 |  1.7
Fighting       | 1 |  1.5
Long Blades    | 1 |  1.5
Axes           | 1 |  1.5
Maces & Flails | 1 |  1.5
Polearms       | 1 |  1.5
Staves         | 1 |  1.5
Slings         | 1 |  1.5
Bows           | 1 |  1.5
Crossbows      | 1 |  1.5
Dodging        | 1 |  1.5
Stealth        | 1 |  1.5
Unarmed Combat | 1 |  1.5
Evocations     | 1 |  1.5
Spellcasting   | 3 |  3.2
Conjurations   | 1 |  1.2
Hexes          | 1 |  1.2
Summonings     | 1 |  1.2
Necromancy     | 1 |  1.2
Translocations | 1 |  1.2
Transmutations | 1 |  1.2
Fire Magic     | 1 |  1.2
Ice Magic      | 1 |  1.2
Air Magic      | 1 |  1.2
Earth Magic    | 1 |  1.2
Poison Magic   | 1 |  1.2
Short Blades   | 3 |  3.0
Shields        | 3 |  3.0
Armour         | |  4.8

Action                   |  1- 3 |  4- 6 || total
-------------------------+-------+-------++-------
Melee: Dagger            |   132 |    65 ||   197
       Bite              |    19 |     4 ||    23
 Fire: Hand crossbow     |       |    26 ||    26
Throw: Dart              |       |     1 ||     1
Invok: Draw Escape       |       |     1 ||     1
  Use: Potion            |     1 |       ||     1
       Scroll            |       |     6 ||     6
Armor: Leather armour    |    34 |     6 ||    40
       Ring mail         |       |     9 ||     9
Dodge: Dodged            |    74 |    37 ||   111
Block: Buckler           |    23 |    17 ||    40

Table legend: (Time is in decaauts)
 A = Elapsed time spent in this place.
 B = Non-inter-level travel time spent in this place.
 C = Inter-level travel time spent in this place.
 D = Time resting spent in this place.
 E = Time spent auto-exploring this place.
 F = Levels seen in this place.
 G = Mean time per level.
                   A        B        C        D        E       F      G
               +--------+--------+--------+--------+--------+-----+--------+
         Total |   3443 |   3220 |    223 |      0 |   2655 |   4 |  860.8 |
       Dungeon |   3443 |   3220 |    223 |      0 |   2655 |   4 |  860.8 |
               +--------+--------+--------+--------+--------+-----+--------+

Top non-repeatable levels by time:
     D:3: 1283 daAuts
     D:1: 1096 daAuts
     D:2: 872 daAuts
     D:4: 190 daAuts
